Map: Moonlight Madness LE (Void)

Players

Nina (Lillekanin) - Winner!

  • Race: Terran Terran
  • League: Master

Icky

  • Race: Terran Terran
  • League: Platinum

Event: Lycan League Weekly August #2

VOD

Have the link to the VOD?

Description

Time

  • Played on: Aug. 10, 2015, 12:31 p.m.
  • Length: 22:09

All games in this series

Show
View Real Time Build Order
Export as new Build Order

Nina Terran - Winner!

Build Orders: 1/1/1, Mech, Siege Tank Drop 

Get SALT Encoding   

  12  0:01  SCV  
  13  0:13  SCV  
  14  0:19  Supply Depot  
  14  0:26  Refinery  
  14  0:28  SCV  
  16  0:44  Barracks  
  16  0:45  SCV  
  16  0:57  SCV  
  17  1:09  SCV  
  18  1:21  SCV  
  19  1:34  Factory, Orbital Command  
  19  1:35  Marine  
  19  1:37  Refinery  
  20  1:44  Supply Depot  
  20  1:52  Marine  
  21  2:00  SCV  
  22  2:10  Marine  
  22  2:13  SCV  
  24  2:25  SCV  
  24  2:26  Starport  
  24  2:28  Factory Tech Lab, Marine  
  26  2:33  Supply Depot  
  26  2:37  SCV  
  27  2:49  SCV  
  27  2:50  Siege Tank  
  31  2:54  Barracks Reactor  
  31  3:01  SCV  
  31  3:02  Medivac  
  34  3:07  Supply Depot  
  34  3:13  SCV  
  35  3:25  Command Center  
  36  3:27  SCV  
  36  3:40  SCV  
  37  3:42  Viking  
  37  3:43  Viking  
  41  3:49  Supply Depot  
  41  3:58  Siege Tank  
  44  4:07  SCV  
  45  4:13  Viking  
  47  4:19  SCV  
  48  4:24  Supply Depot  
  48  4:28  Factory  
  48  4:31  SCV  
  48  4:36  Viking  
  51  4:43  SCV  
  53  4:49  Orbital Command  
  53  4:52  Barracks Reactor  
  52  4:55  SCV  
  52  4:56  Supply Depot  
  53  5:00  Viking  
  55  5:08  SCV  
  55  5:09  Refinery  
  56  5:17  Refinery  
  56  5:19  Factory  
  56  5:20  Hellion  
  58  5:29  SCV  
  58  5:32  SCV  
  59  5:36  Supply Depot x2  
  59  5:38  Viking  
  59  5:41  SCV  
  62  5:44  SCV  
  63  5:53  SCV, Viking  
  63  5:57  SCV  
  64  6:06  SCV, Factory Tech Lab  
  64  6:07  Hellion  
  64  6:09  SCV  
  64  6:11  Viking  
  67  6:16  Siege Tank  
  67  6:18  SCV  
  71  6:21  SCV  
  72  6:30  SCV  
  73  6:33  SCV, Siege Tank  
  77  6:40  Hellion x2  
  77  6:42  SCV  
  77  6:43  Command Center  
  77  6:45  SCV, Armory  
  83  6:48  Siege Tank  
  83  6:52  Supply Depot  
  86  6:54  SCV  
  86  6:55  Viking x2  
  86  6:57  SCV  
  92  7:01  Hellion  
  92  7:02  Hellion  
  92  7:06  SCV  
  92  7:08  Liberator x2  
  97  7:09  SCV  
  97  7:14  Hellion  
  98  7:18  SCV  
  98  7:20  Hellion  
  101  7:23  SCV  
  108  7:30  SCV  
  108  7:35  SCV  
  110  7:38  Supply Depot  
  110  7:39  Supply Depot  
  110  7:55  Hellion x2, Siege Tank x2  
  120  7:58  Supply Depot  
  120  7:59  Terran Vehicle Weapons Level 1  
  120  8:00  Supply Depot  
  120  8:02  Orbital Command  
  120  8:03  SCV  
  120  8:04  SCV  
  122  8:15  SCV  
  122  8:16  SCV, Hellion x2  
  128  8:22  Supply Depot  
  128  8:23  Supply Depot  
  128  8:24  Refinery x2  
  126  8:27  Hellion, Siege Tank  
  126  8:29  Engineering Bay  
  126  8:30  Armory  
  131  8:37  Factory  
  131  8:38  SCV  
  131  8:39  Liberator  
  131  8:41  Factory  
  132  8:43  Hellion x2  
  136  8:48  Siege Tank  
  139  8:59  Hellion  
  134  9:04  Hellion x2  
  128  9:20  Siege Tank  
  128  9:21  Hellion  
  115  9:25  Hellbat  
  115  9:26  Hellion  
  115  9:28  Factory Tech Lab x2  
  115  9:31  SCV  
  102  9:36  SCV  
  94  9:41  Viking  
  94  9:42  Siege Tank  
  94  9:43  SCV  
  100  9:46  Terran Vehicle And Ship Armor Level 1  
  100  9:47  Hellbat  
  100  9:48  Hellbat  
  104  9:53  Missile Turret, Hellbat  
  104  9:57  Missile Turret  
  106  10:03  Viking, Missile Turret  
  106  10:05  Missile Turret  
  108  10:07  Terran Vehicle Weapons Level 2  
  108  10:08  Hellion  
  108  10:09  Hellbat  
  108  10:10  SCV  
  108  10:11  SCV  
  108  10:13  Medivac  
  116  10:18  Siege Tank  
  119  10:23  SCV x2  
  119  10:26  Siege Tank  
  124  10:32  Supply Depot  
  124  10:33  Medivac  
  124  10:34  Hellion x4  
  126  10:38  Siege Tank  
  126  10:39  Missile Turret  
  126  10:40  SCV, Missile Turret  
  130  10:44  Hellbat  
  130  10:45  Hellbat  
  130  10:57  Siege Tank  
  130  10:59  Siege Tank x2  
  137  11:06  Hellbat x2  
  137  11:08  Infernal Pre-Igniter  
  137  11:10  Siege Tank  
  142  11:14  Medivac  
  144  11:24  Command Center  
  144  11:27  Hellion x2  
  144  11:28  Supply Depot  
  144  11:30  Supply Depot  
  144  11:31  Siege Tank  
  144  11:32  Supply Depot  
  151  11:33  Supply Depot  
  151  11:38  Hellion, Siege Tank  
  156  11:43  Hellion  
  156  11:48  Viking x2  
  156  11:49  Hellion x2  
  164  11:54  SCV  
  164  12:00  Siege Tank, Starport  
  168  12:02  Starport  
  168  12:04  Hellion  
  168  12:09  Siege Tank  
  168  12:10  Hellion, Hellbat  
  168  12:12  Hellbat  
  167  12:25  Siege Tank  
  168  12:31  Terran Vehicle And Ship Armor Level 2, Hellbat x2  
  168  12:32  Hellbat  
  168  12:34  Hellbat  
  168  12:35  Viking  
  174  12:41  Hellbat  
  176  12:49  Terran Vehicle Weapons Level 3  
  176  12:53  Hellion, Hellbat  
  176  12:54  Hellbat  
  176  12:55  Hellbat  
  184  13:04  Viking  
  186  13:05  Viking  
  186  13:10  Starport Reactor  
  186  13:11  Viking  
  190  13:19  Refinery x2  
  190  13:22  Planetary Fortress  
  190  13:34  Viking  
  190  13:35  Viking  
  194  13:50  Viking x2  
  200  14:04  Starport Tech Lab  
  192  14:26  Viking x3  
  192  14:27  Viking x2  
  192  14:29  Thor x2  
  177  14:56  Viking x3  
  177  14:57  Viking x2  
  147  15:16  Siege Tank, Hellbat x2  
  147  15:21  Hellbat x2  
  154  15:26  Viking x3  
  154  15:27  Terran Vehicle And Ship Armor Level 3, Viking x2  
  155  15:31  Hellion x3  
  155  15:32  Command Center  
  155  15:34  Missile Turret  
  155  15:35  Missile Turret  
  144  15:40  Thor  
  144  15:42  Hellbat x4  
  151  15:48  Hellbat  
  150  15:56  SCV x2  
  152  15:59  Viking x2  
  152  16:03  Hellbat x3  
  159  16:19  Viking x2  
  159  16:20  Siege Tank, Hellbat  
  168  16:29  SCV x4  
  168  16:31  Refinery  
  172  16:33  Refinery  
  166  16:42  Liberator x2, Terran Ship Weapons Level 1  
  166  16:43  Liberator  
  166  16:47  Raven  
  166  16:50  Planetary Fortress  
  177  17:04  Hellbat  
  182  17:22  Siege Tank  
  182  17:23  Siege Tank  
  182  17:27  Medivac  
  187  17:33  Command Center  
  185  17:46  Unknown  
  185  17:47  Cyclone x2  
  191  17:54  Cyclone  
  194  17:58  Fusion Core  
  194  17:59  Hellbat  
  194  18:05  Viking x2  
  190  18:24  Siege Tank x3  
  199  18:36  Refinery x2  
  193  19:06  Starport  
  193  19:07  Starport x2, Unknown  
  193  19:09  Cyclone x2  
  199  19:15  Planetary Fortress  
  199  19:22  Command Center  
  199  19:46  Starport Tech Lab  
  199  19:47  Starport Tech Lab  
  199  19:48  Starport Tech Lab  
  199  20:03  Command Center  
  199  20:08  Command Center  
  184  21:29  Viking x2  
  183  21:34  Viking x2  
  187  21:45  Hellbat  
  187  21:46  Hellbat x2  
Show
View Real Time Build Order
Export as new Build Order

Icky Terran 

Build Orders: Bio Tank, MMM Bio 

Get SALT Encoding   

  12  0:01  SCV  
  13  0:13  SCV  
  14  0:17  Supply Depot  
  14  0:25  SCV  
  15  0:39  SCV  
  15  0:41  Barracks  
  16  0:46  Refinery  
  16  0:51  SCV  
  17  1:03  SCV  
  18  1:15  SCV  
  19  1:29  Orbital Command  
  19  1:30  Marine  
  19  1:31  Supply Depot  
  20  1:48  Factory  
  20  1:49  Marine  
  21  1:56  SCV  
  21  1:59  Refinery  
  22  2:07  Marine  
  23  2:08  SCV  
  23  2:20  SCV  
  23  2:21  Supply Depot  
  24  2:25  Marine  
  25  2:33  SCV, Factory Tech Lab  
  25  2:35  Starport  
  26  2:42  Marine  
  27  2:45  SCV  
  28  2:51  Siege Tank  
  28  2:57  SCV  
  32  3:06  Command Center  
  32  3:11  Marine  
  33  3:13  Viking  
  35  3:21  Supply Depot  
  35  3:22  SCV  
  36  3:31  Siege Tank  
  39  3:42  SCV, Marine  
  39  3:43  Engineering Bay  
  39  3:48  Viking  
  43  3:55  SCV  
  43  4:11  Supply Depot  
  43  4:12  Siege Tank  
  43  4:13  Marine  
  47  4:18  Orbital Command  
  47  4:27  Viking  
  47  4:30  Marine  
  51  4:31  SCV  
  51  4:38  Orbital Command  
  51  4:39  Missile Turret  
  49  4:52  Barracks Reactor  
  49  4:56  Barracks  
  49  4:59  Barracks  
  49  5:00  SCV  
  50  5:07  SCV  
  50  5:12  SCV  
  50  5:13  Terran Infantry Weapons Level 1  
  52  5:19  SCV  
  53  5:21  Supply Depot  
  53  5:24  Starport Reactor  
  56  5:28  Siege Tank  
  56  5:33  SCV  
  56  5:36  SCV  
  56  5:38  Marine  
  56  5:39  Refinery  
  58  5:43  Supply Depot  
  58  5:44  Barracks Tech Lab  
  58  5:45  SCV  
  58  5:47  Barracks Tech Lab  
  58  5:48  SCV  
  57  5:57  SCV  
  57  6:00  SCV  
  56  6:09  Combat Shields, Marine x2  
  56  6:10  SCV, Stimpack  
  61  6:11  Marauder  
  61  6:12  SCV  
  62  6:19  Refinery  
  62  6:22  SCV  
  62  6:23  Supply Depot  
  62  6:24  SCV  
  62  6:25  Marauder  
  66  6:27  Medivac  
  68  6:34  SCV  
  68  6:36  SCV  
  68  6:38  Marine x2  
  74  6:40  Marauder  
  74  6:46  SCV  
  77  6:47  Supply Depot  
  77  6:48  Supply Depot  
  77  6:49  SCV  
  77  6:50  Marauder  
  80  6:58  SCV  
  80  7:01  SCV  
  78  7:07  Marine x2  
  78  7:08  Command Center  
  80  7:10  SCV  
  80  7:11  Terran Infantry Armor Level 1  
  80  7:12  Supply Depot  
  80  7:14  SCV  
  82  7:20  Siege Tank  
  82  7:22  SCV  
  86  7:23  Medivac  
  86  7:25  Medivac  
  90  7:30  Supply Depot, Concussive Shells  
  90  7:35  Supply Depot  
  90  7:38  SCV  
  90  7:42  Marine  
  90  7:43  SCV  
  93  7:50  SCV  
  93  7:51  Marine, Marauder x2  
  98  7:53  Medivac  
  101  8:00  Marine  
  102  8:08  SCV  
  102  8:09  Marine  
  102  8:12  Marauder x2  
  108  8:14  SCV  
  108  8:15  Starport  
  108  8:16  Starport  
  108  8:18  Marine  
  110  8:20  SCV  
  110  8:26  Marine  
  111  8:29  SCV  
  111  8:32  SCV  
  111  8:33  Marine  
  115  8:34  Supply Depot  
  115  8:36  Armory x2  
  115  8:43  Sensor Tower  
  115  8:46  Marine x2  
  115  8:47  SCV  
  118  8:49  Supply Depot  
  118  8:52  SCV  
  119  8:59  Orbital Command  
  119  9:00  SCV  
  120  9:04  SCV  
  118  9:10  Viking  
  118  9:11  Viking x3  
  118  9:12  SCV  
  118  9:15  Marine  
  118  9:16  SCV  
  121  9:26  SCV  
  121  9:28  SCV  
  121  9:29  SCV  
  95  9:38  SCV  
  95  9:40  SCV  
  95  9:41  SCV  
  98  9:51  SCV  
  98  9:52  SCV, Starport Tech Lab  
  100  9:53  SCV  
  100  9:58  Liberator  
  101  10:03  SCV, Terran Vehicle And Ship Armor Level 1  
  101  10:04  SCV  
  101  10:05  SCV  
  101  10:06  Terran Ship Weapons Level 1  
  104  10:08  Refinery  
  104  10:09  Command Center  
  104  10:10  Supply Depot  
  104  10:11  Supply Depot, Medivac  
  104  10:12  Starport Tech Lab  
  106  10:14  Refinery  
  106  10:15  SCV  
  106  10:16  SCV  
  106  10:18  Supply Depot  
  106  10:19  SCV  
  112  10:23  Supply Depot  
  112  10:27  SCV, Marauder  
  115  10:31  Sensor Tower  
  115  10:37  Marauder  
  115  10:38  Thor  
  115  10:40  Marine  
  115  10:41  Viking  
  126  10:44  SCV  
  126  10:46  SCV x2  
  126  10:48  Marauder  
  131  10:50  Marine  
  130  10:58  Marine  
  130  10:59  Marauder  
  130  11:02  Viking  
  130  11:04  Raven x2  
  137  11:07  Marine  
  137  11:09  Supply Depot, Marauder  
  137  11:10  Supply Depot  
  137  11:14  Supply Depot  
  137  11:16  Marine  
  138  11:20  Marauder  
  138  11:25  Marine  
  138  11:27  Supply Depot  
  138  11:29  Viking  
  138  11:31  Marauder  
  138  11:32  Viking  
  145  11:33  Marine  
  145  11:37  Orbital Command  
  146  11:42  Marauder  
  146  11:43  Thor, Marine  
  146  11:44  Command Center  
  155  11:51  Marine  
  155  11:52  Marauder  
  158  11:58  Liberator  
  158  12:00  Raven x2  
  162  12:05  Command Center  
  153  12:08  Liberator  
  151  12:17  SCV  
  155  12:27  Marine x4  
  162  12:32  Barracks  
  162  12:34  Barracks  
  162  12:35  Barracks  
  158  12:40  Terran Vehicle And Ship Armor Level 2  
  158  12:45  Marine x2  
  158  12:48  Terran Ship Weapons Level 2  
  164  12:51  Marauder x2  
  164  13:03  Liberator  
  164  13:12  Marauder  
  168  13:13  Marauder  
  168  13:22  Refinery, Missile Turret  
  168  13:23  Barracks Reactor  
  168  13:24  Sensor Tower  
  168  13:25  Barracks Tech Lab, Refinery  
  168  13:26  Missile Turret  
  171  13:27  Sensor Tower  
  171  13:28  Missile Turret  
  171  13:29  Missile Turret  
  171  13:31  Orbital Command  
  171  13:34  Marauder  
  172  13:36  Orbital Command  
  172  13:41  Liberator x2  
  172  13:49  Marauder x2  
  176  14:00  Barracks Tech Lab  
  182  14:06  Marauder  
  182  14:08  Raven  
  182  14:09  Marine x2  
  182  14:11  Marine x3, Marauder  
  187  14:19  Marauder  
  186  14:28  Marauder  
  186  14:29  Marine  
  186  14:30  Marine, Marauder  
  192  14:32  Marauder  
  194  14:41  Raven, Marauder  
  194  14:44  SCV, Marine x2  
  194  14:45  SCV x3  
  195  14:47  Marine  
  195  14:49  Marauder  
  195  14:50  Marine  
  195  14:51  Marauder  
  186  14:53  Marauder  
  186  15:02  Marauder  
  152  15:07  Marine  
  152  15:10  Marauder, Marine x2  
  152  15:12  Marauder  
  150  15:15  Marauder  
  142  15:21  Raven  
  142  15:23  Raven, Marauder  
  142  15:25  Marine  
  142  15:28  SCV, Marine  
  147  15:29  Marine  
  147  15:32  Marauder  
  147  15:34  Marauder  
  143  15:36  Marauder  
  138  15:43  Marine  
  138  15:45  SCV, Marauder  
  138  15:48  Marine  
  136  15:51  SCV  
  136  15:53  Marauder  
  136  15:55  Marauder  
  141  15:58  Marauder  
  138  16:06  Marauder  
  138  16:11  SCV x5  
  134  16:14  Marauder  
  134  16:16  Marauder  
  139  16:23  SCV x4  
  142  16:27  Starport Reactor  
  142  16:28  Raven, Marauder  
  146  16:36  Marauder  
  146  16:37  Medivac  
  146  16:38  Marauder, Marine x4  
  154  16:42  SCV  
  155  16:49  Marauder  
  158  16:54  SCV  
  158  16:55  Marine  
  158  16:56  Marine x2  
  158  16:57  Marauder, Marine  
  158  16:59  Marauder  
  166  17:01  Terran Vehicle And Ship Armor Level 3  
  166  17:07  Command Center  
  166  17:10  Marauder  
  166  17:13  Marine x2, Orbital Command  
  170  17:21  Terran Ship Weapons Level 3  
  170  17:22  Marine x2  
  170  17:23  Marine x2  
  174  17:31  Marine x3  
  174  17:35  Medivac x2  
  181  17:40  Liberator, Marine x2  
  181  17:41  Marauder, Marine  
  181  17:43  SCV  
  187  17:49  Marine x3  
  190  17:55  SCV  
  192  18:02  Refinery  
  192  18:05  Refinery, Terran Infantry Weapons Level 2  
  191  18:07  SCV  
  171  18:19  Marine  
  171  18:20  Marine x2  
  171  18:23  Marine x2  
  176  18:41  Raven x2  
  173  18:42  Orbital Command  
  173  18:45  Refinery  
  173  18:46  Orbital Command  
  174  19:24  Raven x2  
  174  19:25  Command Center  
  174  19:30  SCV  
  179  19:39  Factory  
  179  19:42  SCV  
  179  19:45  SCV  
  181  19:47  Marauder x2  
  181  19:50  SCV  
  181  19:51  SCV x3  
  188  19:54  SCV  
  189  20:02  Viking  
  189  20:06  Raven  
  189  20:07  Raven  
  195  20:15  Marine x2  
  195  20:19  Marine x3  
  198  20:42  Marauder  
  200  20:48  Marine  
  200  20:49  Marine x3  
  200  20:56  Marauder  
  198  20:57  SCV, Marauder  
  198  21:02  Marine  
  198  21:06  Marine x2  
  200  21:12  Orbital Command  
  200  21:18  Marauder  
  194  21:20  Marauder, Marine x2  
  194  21:21  Marauder  
  194  21:24  Marine x2  
  192  21:37  Marine  
  192  21:38  Marine  
  192  21:39  Marine  
  176  21:40  Marine  
  176  21:42  Marine x3  
  96  22:02  Factory Tech Lab  

Tags
 
Add a new tag
Caveats
  • Supply blocks, unpowered buildings, or Contaminate may cause inaccurate times.
  • Supply counts are checked every 10 seconds.